 Dungeon Crawl Stone Soup version 0.27.0-1-g7a089689b8 (webtiles) character file.

Game seed: 16457937306150898656

45 Descartes the Shield-Bearer (level 3, -1/45 HPs)
             Began as a Formicid Fighter on Aug 1, 2021.
             Succumbed to Sigmund's poison
             ... on level 2 of the Dungeon.
             The game lasted 00:03:13 (1416 turns).

Descartes the Shield-Bearer (Formicid Fighter)      Turns: 1416, Time: 00:03:13

Health: -1/45      AC: 21    Str: 20    XL:     3   Next: 90%
Magic:  3/3        EV:  2    Int:  8    God:
Gold:   50         SH:  9    Dex: 10    Spells: 2/2 levels left

rFire    . . .     SeeInvis .   a - +0 long sword
rCold    . . .     Faith    .   c - +0 kite shield
rNeg     + + +     Spirit   .   (armour currently unavailable)
rPois    +         Reflect  .   (helmet unavailable)
rElec    .         Harm     .   (cloak currently unavailable)
rCorr    .         Rampage  .   (gloves currently unavailable)
Will     .....                  (boots currently unavailable)
Stlth    +.........             i - amulet of magic regeneration
HPRegen  0.15/turn              (no ring)
MPRegen  0.33/turn              (no ring)

@: lethally poisoned (-1 -> -15), tree-form
A: stationary, stasis, torment immunity, boosted hp, permanent stasis, dig
shafts and tunnels, (antennae 3), four strong arms
a: no special abilities


You were on level 2 of the Dungeon.
You were a tree.
You visited 1 branch of the dungeon, and saw 2 of its levels.

You collected 50 gold pieces.

Inventory:

Hand Weapons
 a - a +0 long sword (weapon)
Missiles
 f - 2 silver boomerangs
 g - 9 poisoned darts
 h - 64 stones
Armour
 b - a +0 scale mail (melded)
 c - a +0 kite shield (worn)
Jewellery
 i - an amulet of magic regeneration (around neck)
 l - an amulet of regeneration
 m - a ring of positive energy
Scrolls
 e - 2 scrolls of fear {unknown}
 n - a scroll of immolation {unknown}
Potions
 d - a potion of might
 k - a potion of curing {unknown}


   Skills:
 + Level 3.7 Fighting
 + Level 2.5 Long Blades
 + Level 3.8 Armour
 + Level 4.1 Shields


You had 2 spell levels left.
You didn't know any spells.
Your spell library was empty.

Dungeon Overview and Level Annotations

Branches:
Dungeon (2/15)

Altars:

Annotations:
D:2 Sigmund


Innate Abilities, Weirdness & Mutations

You are a tree.
Your roots penetrate the ground, keeping you stationary.
You cannot be teleported.
You are immune to unholy pain and torment.
Your maximum health is greatly increased.
Your equipment is partially melded.
You cannot be hasted, slowed, berserked, paralysed or teleported.
You can dig through walls and to a lower floor.
((You have a pair of large antennae on your head. (SInv)))
Your four strong arms can wield two-handed weapons with a shield.


Message History

You are too confused!
You are too confused!
You are too confused!
You are too confused!
You are too confused!
You are too confused!
You are too confused!
You are too confused!
You are too confused!
You are too confused!
You are too confused!
You are too confused!
You are too confused!
You slash Sigmund!
Sigmund is heavily wounded.
You feel very sick.
Sigmund hits you with a +3 scythe of venom.
You are more poisoned.
You're too confused to move!
You feel very sick. Sigmund hits you but does no damage.
You are lethally poisoned!
You hit Sigmund.
Sigmund is heavily wounded.
You feel very sick. Sigmund hits you but does no damage.
You are more poisoned.
Sigmund closely misses you.
You miss Sigmund.
Sigmund is heavily wounded.
You feel less confused.
* * * LOW HITPOINT WARNING * * *
You feel very sick.
Sigmund hits you with a +3 scythe of venom!
* * * LOW HITPOINT WARNING * * *
You are too injured to fight recklessly!
It was a potion of lignification.
You turn into a tree.
Your +0 scale mail melds into your body.
Your roots penetrate the ground.
You die...

####..##....†...##
{ #..##.#.......#
{ #........##
#####...## ##.##
{{ #.# # {{ #.# .#
{ { #.####..#
#...♣@.# #####..#
..# ..# ..# ...
.... ....


You could see Sigmund.

Vanquished Creatures
  2 adders (D:2)
  A gnoll (D:1)
  3 endoplasms (D:1)
  A giant cockroach (D:1)
  3 goblins
  A hobgoblin (D:2)
  2 jackals (D:2)
  A quokka (D:1)
  A kobold (D:1)
  3 rats
18 creatures vanquished.

Notes
Turn   | Place    | Note
-------+----------+-------------------------------------------
     0 | D:1      | Descartes the Formicid Fighter began the quest for the Orb.
     0 | D:1      | Reached XP level 1. HP: 18/18 MP: 1/1
   105 | D:1      | Reached XP level 2. HP: 24/24 MP: 2/2
   909 | D:1      | Reached XP level 3. HP: 29/29 MP: 3/3
   989 | D:2      | Found a faded altar of an unknown god.
  1010 | D:2      | Reached skill level 4 in Shields
  1407 | D:2      | Noticed Sigmund
  1415 | D:2      | HP: 1/30 [Sigmund (7)]
  1416 | D:2      | Succumbed to Sigmund's poison

Illustrated notes

Levels and vault maps discovered:
D:1:      amcnicky_arrival_wind_blow, layout_loops_corners
D:2:      layout_loops_ring, basic_ecumenical_altar, uniq_sigmund, uniq_terence,
          uniq_robin

Skill      XL: |  1  2  3 |
---------------+----------+-----
Shields        | 4 |  4.1
Fighting       | |  3.7
Long Blades    | |  2.5
Armour         | |  3.8

Action                   || total
-------------------------++-------
Melee: Long sword        ||    71
  Use: Potion            ||     1
Armor: Scale mail        ||    32
Dodge: Dodged            ||    23
Block: Kite shield       ||    39
       Rpst.: Long sword ||     8
